[Event "FIDE Online Olympiad Top Division 2020"]
[Site "Online"]
[Date "2020.08.24"]
[Round "?"]
[White "Abdusattorov, Nodirbek"]
[Black "Svane, Rasmus"]
[Result "1-0"]
[ECO "B13"]
[WhiteElo "2610"]
[BlackElo "2515"]
[Annotator "ChessBase"]
[PlyCount "105"]
[EventDate "2020.08.21"]
[TimeControl "900+5"]

1. e4 c6 2. d4 d5 3. exd5 cxd5 4. Bd3 Nc6 5. c3 Nf6 6. Bf4 Bg4 7. Qb3 Qd7 8. Nd2 e6 9. Ngf3 Bd6 10. Bxd6 Qxd6 11. O-O O-O 12. Rae1 Qc7 13. Ne5 Bh5 14. f4 Bg6 15. Bxg6 hxg6 16. Re3 Rfc8 17. Qd1 b5 18. Qe1 b4 19. Qh4 Qd8 20. Nxc6 Rxc6 21. Nf3 bxc3 22. bxc3 Rac8 23. Rc1 Qa5 24. Ng5 Qa3 25. Rc2 Nh5 26. g4 Nxf4 27. Qh7+ Kf8 28. Qh8+ Ke7 29. Qxg7 Rf8 30. Nh7 Ke8 31. Qe5 Qd6 32. Qxd6 Rxd6 33. Rf3 g5 34. Rb2 Rb6 35. Rxb6 axb6 36. Nxf8 Kxf8 37. Kf2 Ng6 38. Ke3 Ke7 39. Rf2 Nf8 40. Kd3 Nd7 41. c4 dxc4+ 42. Kxc4 Nf6 43. Kb5 Nd5 44. Kc6 f6 45. a3 Kf7 46. Rb2 Ke7 47. a4 Nc3 48. Rxb6 Nxa4 49. Rb7+ Kf8 50. Rb3 Ke7 51. Kb5 Kd6 52. Kxa4 Kd5 53. Rf3 1-0

[Event "FIDE Online Olympiad Top Division 2020"]
[Site "Online"]
[Date "2020.08.24"]
[Round "?"]
[White "Bluebaum, Matthias"]
[Black "Sibanda, Kudakwashe"]
[Result "1-0"]
[ECO "E20"]
[WhiteElo "2562"]
[BlackElo "1196"]
[Annotator "ChessBase"]
[PlyCount "57"]
[EventDate "2020.08.21"]
[TimeControl "900+5"]

1. d4 Nf6 2. c4 e6 3. Nc3 Bb4 4. e3 d5 5. Bd2 Kf8 6. Nf3 b6 7. cxd5 exd5 8. Rc1 Bb7 9. Bd3 g6 10. O-O Nbd7 11. Ne5 Bd6 12. f4 a6 13. Qf3 Kg7 14. Be1 Re8 15. Bh4 Be7 16. f5 Ne4 17. Nxf7 Qc8 18. Bxe7 Rxe7 19. fxg6 hxg6 20. Bxe4 dxe4 21. Qf4 Kg8 22. Nh6+ Kg7 23. Qg5 Re6 24. Rf7+ Kh8 25. Nf5 Kg8 26. Rg7+ Kf8 27. Qh6 Ke8 28. Rg8+ Nf8 29. Rxf8+ 1-0

[Event "FIDE Online Olympiad Top Division 2020"]
[Site "Online"]
[Date "2020.08.22"]
[Round "?"]
[White "rasmussvane"]
[Black "Virgo15"]
[Result "1-0"]
[ECO "A05"]
[WhiteElo "2510"]
[BlackElo "2456"]
[Annotator "NA"]
[PlyCount "97"]
[EventDate "2020.08.21"]
[SourceTitle "playchess.com"]
[Source "ChessBase"]
[SourceQuality "1"]
[TimeControl "900+5"]

1. Nf3 Nf6 2. g3 e6 3. Bg2 d5 4. O-O b5 5. d3 Bb7 6. c4 dxc4 7. dxc4 Qxd1 8. Rxd1 b4 9. Bf4 Na6 10. Nbd2 Bd6 11. Nb3 Bxf4 12. gxf4 O-O 13. Ne5 Bxg2 14. Kxg2 Rfd8 15. Rxd8+ Rxd8 16. Nc6 Ra8 17. a3 bxa3 18. Rxa3 Nb8 19. Nxa7 Kf8 20. Kf3 Ke8 21. Nd4 Nbd7 22. Ndc6 Nb6 23. b3 Nfd7 24. Ra5 Nb8 25. Nxb8 Rxb8 26. Nc6 Rb7 27. Ke4 f6 28. Kd4 Kd7 29. Nb4 Nc8 30. Nd3 Ke7 31. b4 Nd6 32. b5 Nf5+ 33. Kc5 Rb6 34. Ra7 Kd8 35. Kb4 Rd6 36. Nc5 Rd2 37. Nxe6+ Kd7 38. e4 Nd6 39. Nc5+ Kd8 40. e5 fxe5 41. fxe5 Nf5 42. Ne6+ Kd7 43. Nxc7 Rxf2 44. Kc5 Re2 45. e6+ Ke7 46. b6 Re5+ 47. Nd5+ Kxe6 48. b7 Nd6 49. b8=Q 1-0

[Event "FIDE Online Olympiad Top Division 2020"]
[Site "Online"]
[Date "2020.08.21"]
[Round "?"]
[White "Tanzja"]
[Black "Munguntuul_B"]
[Result "1-0"]
[ECO "B22"]
[WhiteElo "2492"]
[BlackElo "2420"]
[Annotator "ChessBase"]
[PlyCount "85"]
[EventDate "2020.08.21"]
[SourceTitle "playchess.com"]
[Source "ChessBase"]
[SourceQuality "1"]
[TimeControl "900+5"]

1. e4 c5 2. Nf3 e6 3. c3 Nf6 4. e5 Nd5 5. Bc4 d6 6. d4 cxd4 7. cxd4 Nc6 8. O-O Be7 9. exd6 Qxd6 10. Nc3 Nxc3 11. bxc3 O-O 12. Re1 b6 13. Ng5 h6 14. Ne4 Qc7 15. Bd3 f5 16. Ng3 Na5 17. Qe2 Bd6 18. Bd2 Bd7 19. Qh5 Rf6 20. d5 exd5 21. Nxf5 Raf8 22. Nxd6 Qxd6 23. Be3 Bf5 24. Be2 Be4 25. f3 Bf5 26. Bd4 Rg6 27. Bf1 Nc6 28. Rad1 Qa3 29. c4 Qxa2 30. cxd5 Nxd4 31. Rxd4 Rg5 32. Qh4 Bd7 33. Qf2 Qxf2+ 34. Kxf2 b5 35. d6 a5 36. Re7 Rf7 37. h4 Rc5 38. Bd3 a4 39. Bg6 Rf6 40. Rxd7 Rxg6 41. Rd8+ Kh7 42. d7 Rc2+ 43. Ke3 1-0

[Event "FIDE Online Olympiad Top Division 2020"]
[Site "Online"]
[Date "2020.08.21"]
[Round "?"]
[White "Agibileg"]
[Black "chessdjw"]
[Result "1-0"]
[ECO "D85"]
[WhiteElo "2433"]
[BlackElo "2297"]
[Annotator "ChessBase"]
[PlyCount "115"]
[EventDate "2020.08.21"]
[SourceTitle "playchess.com"]
[Source "ChessBase"]
[SourceQuality "1"]
[TimeControl "900+5"]

1. d4 Nf6 2. c4 g6 3. Nc3 d5 4. cxd5 Nxd5 5. e4 Nxc3 6. bxc3 Bg7 7. Qa4+ Qd7 8. Bb5 c6 9. Be2 O-O 10. Nf3 c5 11. Qxd7 Nxd7 12. Be3 b6 13. O-O-O Bb7 14. Nd2 cxd4 15. cxd4 Rac8+ 16. Kb1 Nf6 17. f3 Rc3 18. Bg5 h6 19. Bh4 Rd8 20. Nb3 Nxe4 21. fxe4 Bxe4+ 22. Ka1 Bc2 23. Rd2 Bxb3 24. axb3 Rxd4 25. Rxd4 Bxd4 26. Kb1 Rxb3+ 27. Kc2 Rb2+ 28. Kd3 Bc5 29. Bf3 a5 30. Re1 g5 31. Bg3 a4 32. Be5 Rb3+ 33. Kc2 Rb5 34. Rd1 f6 35. Bc3 Bd6 36. Bxf6 exf6 37. Rxd6 Kg7 38. Be4 f5 39. Rd5 Rxd5 40. Bxd5 Kf6 41. Bc6 Kf7 42. Bxa4 f4 43. Kd3 Kg6 44. Ke4 Kh5 45. Be8+ Kg4 46. Bd7+ Kh4 47. Kf3 Kh5 48. Be8+ Kh4 49. h3 h5 50. Bd7 b5 51. Bxb5 g4+ 52. Kxf4 g3 53. Kf3 Kg5 54. Kxg3 h4+ 55. Kf3 Kf5 56. Bd7+ Kg5 57. Bc8 Kh5 58. Kf4 1-0

[Event "FIDE Online Olympiad Top Division 2020"]
[Site "Online"]
[Date "2020.08.22"]
[Round "?"]
[White "Arabidze, Meri"]
[Black "Melamed, Tatjana"]
[Result "1-0"]
[ECO "A60"]
[WhiteElo "2400"]
[BlackElo "2492"]
[Annotator "ChessBase"]
[PlyCount "93"]
[EventDate "2020.08.21"]
[SourceTitle "playchess.com"]
[Source "ChessBase"]
[SourceQuality "1"]
[TimeControl "900+5"]

1. d4 Nf6 2. c4 g6 3. g3 Bg7 4. Bg2 O-O 5. Nc3 d6 6. e4 c5 7. d5 a6 8. a4 e6 9. Nge2 exd5 10. cxd5 Nbd7 11. O-O Re8 12. h3 Rb8 13. Rb1 b5 14. axb5 axb5 15. b4 cxb4 16. Rxb4 Nc5 17. Bf4 Nh5 18. Be3 Qa5 19. Qb1 Bd7 20. g4 Nf6 21. Bf4 Rb6 22. Rb2 h5 23. Ra2 Na4 24. Bd2 Reb8 25. g5 Nh7 26. Qc2 Qa8 27. Be3 Ra6 28. Nxa4 bxa4 29. h4 Rc8 30. Qd3 Ra5 31. Bd4 Bb5 32. Qe3 Bxe2 33. Rxe2 Bxd4 34. Qxd4 a3 35. Ra2 Qa6 36. Rfa1 Rc4 37. Qe3 Rca4 38. Qg3 Nf8 39. e5 dxe5 40. Qxe5 Qc4 41. Qg3 Nd7 42. d6 Ne5 43. Qe3 Ng4 44. Qe8+ Kg7 45. d7 Qf4 46. d8=Q Qxf2+ 47. Rxf2 1-0

[Event "FIDE Online Olympiad Top Division 2020"]
[Site "Online"]
[Date "2020.08.22"]
[Round "?"]
[White "Kacharava, Nikolozi"]
[Black "Vogel, Roven"]
[Result "0-1"]
[ECO "C54"]
[WhiteElo "2386"]
[BlackElo "2113"]
[Annotator "ChessBase"]
[PlyCount "92"]
[EventDate "2020.08.21"]
[SourceTitle "playchess.com"]
[Source "ChessBase"]
[SourceQuality "1"]
[TimeControl "900+5"]

1. e4 e5 2. Nf3 Nc6 3. Bc4 Bc5 4. c3 Nf6 5. d3 d6 6. O-O h6 7. Nbd2 O-O 8. h3 a5 9. Re1 a4 10. Bb5 a3 11. b4 Ba7 12. Qb3 Ne7 13. d4 c6 14. Bf1 Be6 15. Bc4 d5 16. exd5 cxd5 17. Bf1 e4 18. Ne5 Nd7 19. Nxd7 Qxd7 20. Bxa3 b5 21. Bb2 Bb8 22. Qc2 Qc7 23. g3 Bd7 24. Nxe4 Bf5 25. Nf6+ gxf6 26. Qe2 Be6 27. Qxb5 h5 28. h4 f5 29. f4 Kh7 30. Bg2 Rg8 31. Re3 Nc8 32. Qe2 Rg4 33. Re1 Rxa2 34. Rxe6 fxe6 35. Qxe6 Nd6 36. Qf6 Rg7 37. Re2 Rxb2 38. Rxb2 Qxc3 39. Re2 Qxg3 40. Qe6 Qxf4 41. Rf2 Qxd4 42. Qe2 Ba7 43. Qxh5+ Kg8 44. Qe2 Ne4 45. Qa2 Qxf2+ 46. Qxf2 Bxf2+ 0-1

[Event "FIDE Online Olympiad Top Division 2020"]
[Site "Online"]
[Date "2020.08.22"]
[Round "?"]
[White "Aryangholami"]
[Black "RovenVogel17"]
[Result "1/2-1/2"]
[ECO "D02"]
[WhiteElo "2384"]
[BlackElo "1994"]
[Annotator "NA"]
[PlyCount "106"]
[EventDate "2020.08.21"]
[SourceTitle "playchess.com"]
[Source "ChessBase"]
[SourceQuality "1"]
[TimeControl "900+5"]

1. Nf3 d5 2. d4 Nf6 3. Bf4 c5 4. e3 Nc6 5. Nbd2 cxd4 6. exd4 g6 7. c3 Nh5 8. Bg5 Bg7 9. Bb5 O-O 10. O-O f6 11. Be3 e5 12. dxe5 fxe5 13. Qb3 Kh8 14. Rad1 Be6 15. Qa4 Bd7 16. Qb3 Be6 17. Qa4 Qc7 18. Rfe1 a6 19. Bxc6 bxc6 20. Qh4 Bg8 21. Nb3 Nf4 22. Nc5 Rf5 23. Bxf4 Rxf4 24. Qg3 Rf5 25. Nd4 Rh5 26. Nde6 Qe7 27. Nxg7 Kxg7 28. b4 a5 29. a3 Rf8 30. Rd2 Rg5 31. Qh3 Rf4 32. Rde2 e4 33. f3 Rh4 34. Qxh4 Rxg2+ 35. Kxg2 Qxh4 36. fxe4 dxe4 37. Nxe4 Bd5 38. Re3 Qg4+ 39. Kf2 Qf4+ 40. Kg1 axb4 41. axb4 h5 42. Nf2 h4 43. h3 Qf5 44. Re7+ Bf7 45. R1e3 Qg5+ 46. Kf1 Qf5 47. Ke2 Kg8 48. R7e4 Bd5 49. Rxh4 Qc2+ 50. Ke1 Qc1+ 51. Ke2 Qc2+ 52. Ke1 Qc1+ 53. Ke2 Qc2+ 1/2-1/2

[Event "FIDE Online Olympiad Top Division 2020"]
[Site "Online"]
[Date "2020.08.22"]
[Round "?"]
[White "Melamed, Tatjana"]
[Black "Pham Le Thao, Nguyen"]
[Result "0-1"]
[ECO "B40"]
[WhiteElo "2342"]
[BlackElo "2575"]
[Annotator "RC"]
[PlyCount "150"]
[EventDate "2020.08.21"]
[SourceTitle "playchess.com"]
[Source "ChessBase"]
[SourceQuality "1"]
[TimeControl "900+5"]

1. e4 c5 2. Nf3 e6 3. g3 b6 4. d4 cxd4 5. Nxd4 Bb7 6. Bg2 a6 7. O-O d6 8. Qe2 Nd7 9. Nc3 Rc8 10. Be3 Qc7 11. Rad1 Ngf6 12. h3 Be7 13. Kh2 O-O 14. f4 Rfd8 15. a4 Bf8 16. Bc1 Qb8 17. f5 e5 18. Nb3 Qa8 19. Bg5 h6 20. Bh4 Re8 21. Nd5 Nxd5 22. exd5 Be7 23. Bxe7 Rxe7 24. Nd4 Nf6 25. Nc6 Ree8 26. c4 Bxc6 27. dxc6 e4 28. Rxd6 Rxc6 29. Rfd1 Qc8 30. Rxc6 Qxc6 31. b3 Qc5 32. Re1 a5 33. Qe3 Qd6 34. Re2 h5 35. Rd2 Qc7 36. Qf4 Qc5 37. Re2 e3 38. g4 Qe5 39. Qxe5 Rxe5 40. Kg3 hxg4 41. hxg4 Nd7 42. Kf4 f6 43. Rxe3 Rxe3 44. Kxe3 Nc5 45. Kd4 Nxb3+ 46. Kd5 Nc5 47. Kc6 Nxa4 48. Bf3 Kf8 49. Kb5 Nb2 50. Bd5 a4 51. Kxb6 a3 52. c5 Na4+ 53. Kc6 Ke7 54. Bb3 Nc3 55. Kb7 a2 56. Bxa2 Nxa2 57. c6 Nc3 58. c7 Ne4 59. c8=N+ Kd7 60. Nb6+ Kd6 61. Nc4+ Kd5 62. Ne3+ Ke5 63. Ng2 Nf2 64. Kc6 Nxg4 65. Nh4 Ne3 66. Kd7 Nxf5 67. Nf3+ Kf4 68. Nd2 Nd4 69. Kd6 g5 70. Kd5 Nf3 71. Nf1 f5 72. Ke6 g4 73. Kf6 Ng5 74. Kg6 Ne4 75. Kh6 g3 0-1

[Event "FIDE Online Olympiad Top Division 2020"]
[Site "Online"]
[Date "2020.08.21"]
[Round "?"]
[White "aridannie"]
[Black "archess2"]
[Result "1-0"]
[ECO "B11"]
[WhiteElo "2329"]
[BlackElo "2164"]
[Annotator "ChessBase"]
[PlyCount "99"]
[EventDate "2020.08.21"]
[SourceTitle "playchess.com"]
[Source "ChessBase"]
[SourceQuality "1"]
[TimeControl "900+5"]

1. e4 c6 2. Nc3 d5 3. Nf3 dxe4 4. Nxe4 Nf6 5. Qe2 Nxe4 6. Qxe4 Qa5 7. Ne5 f6 8. Nc4 Qd5 9. Qh4 b5 10. Ne3 Qg5 11. Qxg5 fxg5 12. d4 e6 13. a4 b4 14. Bc4 Na6 15. O-O Nc7 16. Re1 Be7 17. Ng4 Bf6 18. Ne5 Bxe5 19. Rxe5 h6 20. a5 Nd5 21. Bd2 Rb8 22. Ra4 Bd7 23. Bxd5 cxd5 24. Rxb4 Rxb4 25. Bxb4 a6 26. Re1 Kf7 27. f3 Rb8 28. c3 Bb5 29. b3 Bd3 30. Rc1 Rb7 31. Kf2 Rb8 32. Ke3 Bg6 33. Ra1 Bc2 34. Ra3 Ke8 35. Kd2 Bg6 36. Bd6 Rc8 37. Be5 Kf7 38. Ra4 Rd8 39. Rb4 Rd7 40. Rb6 Ra7 41. c4 dxc4 42. bxc4 Kf8 43. Rb8+ Ke7 44. Bxg7 h5 45. Be5 Be8 46. Rb6 g4 47. c5 Ra8 48. c6 Kd8 49. c7+ Kc8 50. Rb8+ 1-0

[Event "FIDE Online Olympiad Top Division 2020"]
[Site "Online"]
[Date "2020.08.21"]
[Round "?"]
[White "chessdjw"]
[Black "amintabatabaei"]
[Result "1-0"]
[ECO "E97"]
[WhiteElo "2314"]
[BlackElo "2342"]
[Annotator "ChessBase"]
[PlyCount "97"]
[EventDate "2020.08.21"]
[SourceTitle "playchess.com"]
[Source "ChessBase"]
[SourceQuality "1"]
[TimeControl "900+5"]

1. d4 Nf6 2. c4 g6 3. Nc3 Bg7 4. e4 d6 5. Nf3 O-O 6. Be2 e5 7. O-O Nc6 8. d5 Ne7 9. b4 a5 10. bxa5 c5 11. a4 Rxa5 12. Bd2 Ra6 13. Ra3 Ne8 14. Nb5 h6 15. Qc1 Kh7 16. Bd3 f5 17. exf5 gxf5 18. Bc2 Ng6 19. Qd1 Nf6 20. g3 e4 21. Ne1 f4 22. gxf4 Bf5 23. Rg3 Qd7 24. Kh1 h5 25. f3 Bh6 26. Nc3 e3 27. Bxe3 h4 28. Rg5 Bxg5 29. fxg5 Bxc2 30. Qxc2 Ng4 31. Bd2 N4e5 32. Ne4 Qh3 33. Rf2 Ng4 34. Rg2 Rxf3 35. Nxf3 Qxf3 36. Nf6+ Nxf6 37. gxf6 Qf1+ 38. Rg1 Qf3+ 39. Rg2 Qf1+ 40. Rg1 Qxf6 41. Qd1 Qf5 42. Rg5 Qe4+ 43. Kg1 Qd4+ 44. Kh1 Nf4 45. Qb1+ Kh8 46. Qf5 Ra8 47. Qxf4 Qa1+ 48. Bc1 Re8 49. Qxh4# 1-0

[Event "FIDE Online Olympiad Top Division 2020"]
[Site "Online"]
[Date "2020.08.22"]
[Round "?"]
[White "Vogel, Roven"]
[Black "Liu, Yan"]
[Result "0-1"]
[ECO "E14"]
[WhiteElo "2312"]
[BlackElo "2386"]
[Annotator "ChessBase"]
[PlyCount "72"]
[EventDate "2020.08.21"]
[SourceTitle "playchess.com"]
[Source "ChessBase"]
[SourceQuality "1"]
[TimeControl "900+5"]

1. d4 Nf6 2. c4 e6 3. Nf3 b6 4. e3 Bb7 5. Bd3 Bb4+ 6. Bd2 Bxd2+ 7. Nbxd2 d6 8. e4 Qe7 9. O-O e5 10. d5 Nbd7 11. Ne1 a5 12. g3 Nc5 13. Bc2 Bc8 14. Ng2 Bh3 15. Re1 h5 16. Ne3 g6 17. b3 Kf8 18. a3 Kg7 19. b4 Ncd7 20. Ba4 h4 21. g4 axb4 22. Bc6 Rxa3 23. Rxa3 bxa3 24. Qf3 Nc5 25. Qxh3 Nfxe4 26. Nxe4 Nxe4 27. Nc2 Ng5 28. Qxa3 Qf6 29. Re3 h3 30. f3 Qf4 31. Ne1 Rh4 32. Re2 e4 33. Qc3+ Kh7 34. Qe3 Nxf3+ 35. Nxf3 Rxg4+ 36. Kf1 exf3 0-1

[Event "FIDE Online Olympiad Top Division 2020"]
[Site "Online"]
[Date "2020.08.24"]
[Round "?"]
[White "Schulze, Lara"]
[Black "Harika, Dronavalli"]
[Result "1/2-1/2"]
[ECO "C42"]
[WhiteElo "2310"]
[BlackElo "2425"]
[Annotator "ChessBase"]
[PlyCount "69"]
[EventDate "2020.08.21"]
[TimeControl "900+5"]

1. e4 e5 2. Nf3 Nf6 3. Nxe5 d6 4. Nf3 Nxe4 5. c4 Nc6 6. Nc3 Nxc3 7. dxc3 Bf5 8. Nd4 Nxd4 9. Qxd4 Qe7+ 10. Be3 Qe4 11. Qxe4+ Bxe4 12. f3 Bg6 13. h4 h5 14. Bd4 O-O-O 15. O-O-O a6 16. a4 Re8 17. a5 Bf5 18. Kd2 Rh6 19. Bd3 Bxd3 20. Kxd3 Rhe6 21. Bf2 Kd7 22. Rhe1 Rxe1 23. Rxe1 Rxe1 24. Bxe1 Ke6 25. Ke4 Be7 26. Bg3 g6 27. Bf2 c6 28. Kd3 Kf5 29. Bg3 Ke6 30. Ke4 Bd8 31. b4 Be7 32. Bf2 Bd8 33. Bg3 Be7 34. Bf2 Bd8 35. Bg3 1/2-1/2

[Event "FIDE Online Olympiad Top Division 2020"]
[Site "Online"]
[Date "2020.08.24"]
[Round "?"]
[White "Schulze, Lara"]
[Black "Makwena, Christine"]
[Result "1-0"]
[ECO "C05"]
[WhiteElo "2299"]
[BlackElo "1087"]
[Annotator "ChessBase"]
[PlyCount "179"]
[EventDate "2020.08.21"]
[TimeControl "900+5"]

1. e4 e6 2. d4 d5 3. Nd2 Nf6 4. e5 Nfd7 5. c3 c5 6. f4 Nc6 7. Ndf3 cxd4 8. cxd4 a5 9. Bd3 a4 10. Ne2 a3 11. b3 Nb4 12. Bb1 Nb6 13. O-O Bd7 14. Nc3 Qc7 15. Bd2 Nc8 16. Qe2 Qb6 17. Kh1 h5 18. Qf2 Ne7 19. Ne1 Nf5 20. Bxf5 exf5 21. Be3 Rc8 22. Qd2 Qa6 23. Rf3 Rh6 24. Bf2 Qa5 25. Ne2 Nc6 26. Qxa5 Nxa5 27. Nc3 Be6 28. Nc2 Nc6 29. Be1 Be7 30. Kg1 Kd7 31. Kf1 Na7 32. Ke2 b5 33. b4 Rhh8 34. Rb1 Rc4 35. Ne3 Rc7 36. Rb3 Rhc8 37. Nc2 Rc4 38. Rxa3 R8c7 39. Rb3 R4c6 40. a3 Ra6 41. Kd3 Rac6 42. Rf2 Ra6 43. Ne3 Kc6 44. Rc2 Kd7 45. Ncxd5 Rxc2 46. Kxc2 Nc6 47. Kd3 Ra7 48. Rc3 Ra6 49. Nxe7 Nxe7 50. Bh4 Nd5 51. Nxd5 Bxd5 52. Bf2 Bc4+ 53. Ke3 Ra7 54. Be1 Rc7 55. Bd2 Rb7 56. Kf2 Ke6 57. a4 Kd5 58. axb5 Rxb5 59. Ra3 Kxd4 60. Ra7 Be6 61. Rc7 Kd5 62. Ke3 g6 63. Ra7 Kc6 64. Ra6+ Kd5 65. Rd6+ Kc4 66. Rd4+ Kb3 67. Rd8 Kc4 68. Rd6 Kb3 69. Rc6 Ka4 70. Rc7 Kb3 71. g3 Rb6 72. Kd4 Ka4 73. Ra7+ Kb5 74. Ra5+ Kc6 75. Rc5+ Kd7 76. b5 Rb7 77. Ba5 Ke8 78. Bc7 Kd7 79. b6 Bb3 80. Ra5 Kc6 81. Rc5+ Kd7 82. Rc3 Be6 83. Kc5 Ba2 84. Rd3+ Ke7 85. Kc6 Rxc7+ 86. bxc7 Be6 87. Rd8 f6 88. exf6+ Kxf6 89. c8=Q Bxc8 90. Rxc8 1-0

[Event "FIDE Online Olympiad Top Division 2020"]
[Site "Online"]
[Date "2020.08.22"]
[Round "?"]
[White "Melamed, Tatjana"]
[Black "Hou, Yifan"]
[Result "1/2-1/2"]
[ECO "B22"]
[WhiteElo "2298"]
[BlackElo "2621"]
[Annotator "ChessBase"]
[PlyCount "101"]
[EventDate "2020.08.21"]
[SourceTitle "playchess.com"]
[Source "ChessBase"]
[SourceQuality "1"]
[TimeControl "900+5"]

1. e4 c5 2. Nf3 e6 3. c3 d5 4. exd5 Qxd5 5. d4 Nf6 6. Be2 Be7 7. O-O O-O 8. Na3 a6 9. Nc4 Nbd7 10. Nfe5 cxd4 11. Bf3 Qc5 12. cxd4 Qc7 13. Bf4 Nxe5 14. Nxe5 Qb6 15. Nc4 Qd8 16. Qb3 Bd7 17. Bxb7 Ra7 18. Bf3 Bb5 19. Rfd1 Nd5 20. Be5 Bc6 21. Rac1 Rb7 22. Qc2 h6 23. a3 Bg5 24. Rb1 Rd7 25. h3 Ba8 26. Qa4 Bb7 27. Qa5 Qa8 28. Rd3 Bd8 29. Qd2 Bc6 30. Ne3 Bg5 31. Qe2 Bxe3 32. Bxd5 Bxf2+ 33. Qxf2 Bxd5 34. Rg3 f6 35. Bf4 Kh7 36. Re1 Qc6 37. Rc3 Qb6 38. Kh2 Kg8 39. b4 e5 40. Be3 Qd6 41. Kg1 e4 42. Rec1 g5 43. Qf5 Rg7 44. Rc8 Bb7 45. Rxf8+ Kxf8 46. d5 Kg8 47. Qxe4 Re7 48. Qg6+ Rg7 49. Qe4 Re7 50. Qg6+ Rg7 51. Qe4 1/2-1/2

[Event "FIDE Online Olympiad Top Division 2020"]
[Site "Online"]
[Date "2020.08.21"]
[Round "?"]
[White "Parhamov"]
[Black "rasmussvane"]
[Result "0-1"]
[ECO "B15"]
[WhiteElo "2289"]
[BlackElo "2481"]
[Annotator "ChessBase"]
[PlyCount "118"]
[EventDate "2020.08.21"]
[SourceTitle "playchess.com"]
[Source "ChessBase"]
[SourceQuality "1"]
[TimeControl "900+5"]

1. e4 c6 2. d4 d5 3. Nc3 dxe4 4. Nxe4 Nf6 5. Nxf6+ exf6 6. c3 Bd6 7. Bd3 O-O 8. Ne2 Re8 9. O-O Na6 10. Bf4 Nc7 11. Qd2 Be6 12. Rfe1 Nd5 13. Bg3 g6 14. a3 Bxg3 15. hxg3 Qd6 16. c4 Ne7 17. Qc3 Rad8 18. Rad1 Bg4 19. f3 Bf5 20. Be4 h5 21. b4 b6 22. Kf2 Kg7 23. a4 Qc7 24. Nf4 h4 25. Ne2 Rh8 26. Rh1 hxg3+ 27. Nxg3 Be6 28. Ne2 Qd6 29. b5 c5 30. d5 Bd7 31. Qe3 Rde8 32. Rxh8 Rxh8 33. Qf4 Nc8 34. Ra1 Qe5 35. Qxe5 fxe5 36. a5 Nd6 37. Bd3 Bf5 38. Ke3 Rh4 39. axb6 axb6 40. Ra4 e4 41. fxe4 Bxe4 42. g3 Rg4 43. Bxe4 Rxe4+ 44. Kd3 Rg4 45. Kc3 Nxb5+ 46. Kb3 Nd6 47. Nc3 Rxg3 48. Kc2 Rg4 49. Kb3 Kf6 50. Ra6 Nxc4 51. Nb5 Ke5 52. Ra7 Nd6 53. Nc7 Rg3+ 54. Kc2 c4 55. Ra1 f5 56. Re1+ Ne4 57. Rd1 Rc3+ 58. Kb2 Rd3 59. Rg1 g5 0-1

[Event "FIDE Online Olympiad Top Division 2020"]
[Site "Online"]
[Date "2020.08.22"]
[Round "?"]
[White "Schulze, Lara"]
[Black "Batsiashvili, Nino"]
[Result "0-1"]
[ECO "C54"]
[WhiteElo "2288"]
[BlackElo "2504"]
[Annotator "ChessBase"]
[PlyCount "92"]
[EventDate "2020.08.21"]
[SourceTitle "playchess.com"]
[Source "ChessBase"]
[SourceQuality "1"]
[TimeControl "900+5"]

1. e4 e5 2. Nf3 Nc6 3. Bc4 Nf6 4. d3 Bc5 5. c3 a6 6. O-O d6 7. Bb3 Ba7 8. Nbd2 O-O 9. h3 Be6 10. Bxe6 fxe6 11. b4 Qe8 12. Nc4 Nh5 13. a4 Ne7 14. Be3 Nf4 15. Bxa7 Rxa7 16. g3 Nh5 17. Ng5 Rf6 18. Ne3 Qg6 19. h4 h6 20. Nf3 Ra8 21. Nh2 Raf8 22. Neg4 R6f7 23. Qe2 Kh8 24. b5 a5 25. d4 exd4 26. cxd4 Ng8 27. Ra3 Ngf6 28. Re3 Nd7 29. Kh1 Nb6 30. Qd1 Nf6 31. Nxf6 Rxf6 32. Qg4 Qf7 33. f4 e5 34. dxe5 dxe5 35. f5 Rd6 36. Nf3 Qf6 37. Rc1 Rf7 38. Rec3 Rdd7 39. Qh5 Rfe7 40. g4 Qd6 41. g5 Nxa4 42. f6 Rf7 43. Rc4 Nb2 44. fxg7+ Rxg7 45. Rc5 Nd3 46. Rd5 Qe6 0-1

[Event "FIDE Online Olympiad Top Division 2020"]
[Site "Online"]
[Date "2020.08.22"]
[Round "?"]
[White "Tan, Zhongyi"]
[Black "Schulze, Lara"]
[Result "1/2-1/2"]
[ECO "E20"]
[WhiteElo "2278"]
[BlackElo "2301"]
[Annotator "ChessBase"]
[PlyCount "122"]
[EventDate "2020.08.21"]
[SourceTitle "playchess.com"]
[Source "ChessBase"]
[SourceQuality "1"]
[TimeControl "900+5"]

1. d4 Nf6 2. c4 e6 3. Nc3 Bb4 4. f3 c5 5. d5 b5 6. e4 d6 7. Nh3 O-O 8. Nf4 e5 9. Nfe2 bxc4 10. Ng3 Nbd7 11. Be2 Nb6 12. O-O Re8 13. Bd2 Nfd7 14. Nf5 Nf8 15. Ne3 Ng6 16. g3 Ne7 17. Qc2 Rf8 18. Nxc4 f5 19. a3 Bxc3 20. Qxc3 Ba6 21. b3 Nxc4 22. bxc4 f4 23. Qa5 Qc8 24. Kg2 g5 25. gxf4 gxf4 26. Kh1 Kh8 27. Rg1 Rb8 28. Rab1 Rxb1 29. Rxb1 Rg8 30. Rg1 Rxg1+ 31. Kxg1 Ng6 32. Be1 Qb7 33. Bf1 Kg7 34. Bf2 Qb6 35. Qxb6 axb6 36. Be2 Bc8 37. Be1 Bd7 38. Bd1 Kf6 39. a4 Kg5 40. a5 bxa5 41. Bxa5 Kf6 42. Bd8+ Kf7 43. Kf1 h6 44. Ke1 Ke8 45. Bc7 Ke7 46. Kd2 Nh4 47. Ke2 Ng2 48. Bb3 Bc8 49. Ba5 Ba6 50. Bd2 Nh4 51. Be1 Ng6 52. Kd3 Bc8 53. Ba4 Bh3 54. Ke2 Bc8 55. Ba5 Bh3 56. Be1 Bc8 57. Bb5 Bd7 58. Kd3 Bh3 59. Ke2 Bd7 60. Kd3 Bh3 61. Ke2 Bd7 1/2-1/2

[Event "FIDE Online Olympiad Top Division 2020"]
[Site "Online"]
[Date "2020.08.24"]
[Round "?"]
[White "Schulze, Lara"]
[Black "Baymuratova, Sevara"]
[Result "0-1"]
[ECO "B56"]
[WhiteElo "2276"]
[BlackElo "2306"]
[Annotator "ChessBase"]
[PlyCount "110"]
[EventDate "2020.08.21"]
[TimeControl "900+5"]

1. e4 c5 2. Nc3 Nc6 3. Nf3 d6 4. d4 cxd4 5. Nxd4 Nf6 6. f3 e5 7. Nb3 Be7 8. Be3 O-O 9. Qd2 a5 10. Bb5 Be6 11. Nd5 Bxd5 12. exd5 Nb4 13. c4 b6 14. O-O Na6 15. Bc6 Rb8 16. Nc1 Nc5 17. b3 Nh5 18. a3 f5 19. b4 axb4 20. axb4 Nd7 21. Ne2 f4 22. Bf2 Kh8 23. Nc3 Ndf6 24. Rfd1 g6 25. c5 bxc5 26. bxc5 Ng7 27. Nb5 Nf5 28. Ra7 e4 29. fxe4 Nxe4 30. Qd4+ Nxd4 31. Bxd4+ Bf6 32. Rd7 Bxd4+ 33. Rxd4 Qa5 34. Rxe4 Rxb5 35. Bxb5 Qxb5 36. Ree7 Qxc5+ 37. Kf1 Qc1+ 38. Kf2 Qc2+ 39. Kf1 g5 40. Rc7 Qd3+ 41. Kf2 f3 42. gxf3 Rxf3+ 43. Kg2 Rf8 44. h3 Qxd5+ 45. Kg3 Qf3+ 46. Kh2 Qf2+ 47. Kh1 Qf1+ 48. Kh2 Qf4+ 49. Kh1 Qf5 50. Kh2 Rb8 51. Re2 d5 52. Rc5 Qf4+ 53. Kg2 d4 54. Rf2 Qe4+ 55. Kh2 d3 0-1

[Event "FIDE Online Olympiad Top Division 2020"]
[Site "Online"]
[Date "2020.08.22"]
[Round "?"]
[White "Muetsch, Annmarie"]
[Black "Koridze, Lile"]
[Result "1-0"]
[ECO "B23"]
[WhiteElo "2259"]
[BlackElo "1991"]
[Annotator "ChessBase"]
[PlyCount "69"]
[EventDate "2020.08.21"]
[SourceTitle "playchess.com"]
[Source "ChessBase"]
[SourceQuality "1"]
[TimeControl "900+5"]

1. e4 c5 2. Nc3 Nc6 3. Bb5 Nd4 4. Nf3 Nxb5 5. Nxb5 a6 6. Nc3 d6 7. d4 cxd4 8. Qxd4 Nf6 9. O-O e5 10. Qd3 Be7 11. Bg5 Be6 12. Rfd1 Rc8 13. Bxf6 gxf6 14. Nd5 Rc6 15. Nh4 Qc8 16. c3 Rg8 17. Ne3 b5 18. Nhf5 Qd7 19. Qe2 Rg5 20. h4 Rxf5 21. exf5 Bxf5 22. Nxf5 Qxf5 23. a4 b4 24. cxb4 d5 25. b5 Rc2 26. Rd2 Rxd2 27. Qxd2 Bc5 28. Rc1 Bb6 29. a5 Bd4 30. b6 Qd7 31. Qc2 Qb5 32. Qc6+ Qxc6 33. Rxc6 Kd7 34. b7 Ba7 35. Rc8 1-0